 Dungeon Crawl Stone Soup version 0.26-a0-1038-gfb849e850a (webtiles) character file.

Game seed: 10556017377150656193

15898 Conn the Covert (level 12, -2/75 HPs)
             Began as an Octopode Hedge Wizard on Dec 10, 2020.
             Was a High Priest of Sif Muna.
             Slain by a hornet (5 damage)
             ... on level 10 of the Dungeon on Dec 11, 2020.
             The game lasted 01:07:28 (20102 turns).

Conn the Covert (Octopode Hedge Wizard)            Turns: 20102, Time: 01:07:35

Health: -2/75      AC:  3    Str:  9    XL:     12   Next: 31%
Magic:  17/22      EV: 15    Int: 22    God:    Sif Muna [*****.]
Gold:   601        SH:  0    Dex: 11    Spells: 5/25 levels left

rFire    . . .     SeeInvis .   a - +4 short sword (speed)
rCold    . . .     Faith    +   (no shield)
rNeg     + + .     Spirit   .   s - +2 hat
rPois    .         Reflect  .   h - amulet of faith
rElec    .         Harm     .   v - ring of positive energy
rCorr    .         Rampage  .   g - ring of positive energy
Will     +....     Clarity  +   z - ring of willpower
Stlth    +++++.....             (no ring)
HPRegen  0.22/turn              (no ring)
MPRegen  0.18/turn              (no ring)
                                (no ring)
                                (no ring)

@: lethally poisoned (-2 -> -15), slowed, very slow
A: almost no armour, stealthy swim, amphibious, 8 rings, constrict 8, camouflage
1, blurry vision 1, clarity, gelatinous body 1
a: Channel Magic, Forget Spell, Divine Exegesis, Renounce Religion


You were on level 10 of the Dungeon.
You worshipped Sif Muna.
Sif Muna was extremely pleased with you.
You visited 2 branches of the dungeon, and saw 12 of its levels.

You collected 601 gold pieces.

Inventory:

Hand Weapons
 a - a +4 short sword of speed (weapon)
 b - the +7 mace of Variability {chain chaos}
   (You found it on level 6 of the Dungeon)

   Each time it hits an enemy it has a different, random effect.
 d - a +0 short sword
 k - a +3 war axe
 t - a cursed -2 dagger
 x - a +2 dagger of electrocution
Missiles
 f - 17 poisoned darts (quivered)
Armour
 s - a +2 hat (worn)
Magical Staves
 o - an uncursed staff of death
Jewellery
 g - a ring of positive energy (right tentacle)
 h - an amulet of faith (around mantle)
 v - a ring of positive energy (left tentacle)
 z - a ring of willpower (on tentacle)
 E - an uncursed ring of ice
Wands
 n - a wand of iceblast (7)
 w - a wand of enslavement (6)
 y - a wand of paralysis (9)
 A - a wand of polymorph (21)
 F - a wand of digging (3)
Scrolls
 c - 3 scrolls of fear
 e - 4 scrolls of remove curse
 j - 2 scrolls of amnesia
 m - 3 scrolls of teleportation
 q - a scroll of summoning {unknown}
 r - 7 scrolls of identify
 G - a scroll of enchant armour
Potions
 i - a potion of attraction
 l - a potion of curing {unknown}
 u - a potion of haste


   Skills:
 + Level 4.7 Fighting
 + Level 6.4 Short Blades
 * Level 4.9 Maces & Flails
 + Level 5.0 Dodging
 + Level 9.0 Stealth
 + Level 7.1 Spellcasting
 * Level 8.8 Conjurations
 + Level 2.6 Summonings
 + Level 3.8 Translocations
 + Level 0.7 Transmutations
 + Level 3.2 Fire Magic
 * Level 2.2 Ice Magic
 - Level 6.3 Air Magic
 - Level 4.0 Poison Magic
 * Level 4.6 Invocations
 + Level 1.0 Evocations


You had 5 spell levels left.
You knew the following spells:

 Your Spells              Type           Power        Failure   Level
a - Magic Dart            Conj           ####         1%          1
b - Blink                 Tloc           N/A          2%          2
c - Call Imp              Summ           ###.....     4%          2
d - Conjure Flame         Conj/Fire      ####....     1%          3
e - Mephitic Cloud        Conj/Pois/Air  #####...     1%          3
f - Ignite Poison         Fire/Tmut/Pois ###.....     9%          3
g - Ozocubu's Refrigerat  Ice            ###.......   99%         6

Your spell library contained the following spells:

 Spells                   Type           Power        Failure   Level
 Poisonous Vapours        Pois/Air       ####..       1%          2
 Sting                    Tmut/Pois      ###.         3%          1
 Ensorcelled Hibernation  Hex/Ice        ##....       8%          2
 Slow                     Hex            #.......     12%         2
 Olgreb's Toxic Radiance  Pois           ####....     16%         4
 Summon Ice Beast         Ice/Summ       ###.....     28%         4
 Death Channel            Necr           #.........   100%        6
 Infestation              Necr           #.........   100%        8
 Necromutation            Tmut/Necr      #.........   100%        8


Dungeon Overview and Level Annotations

Branches:
Dungeon (11/15)            Temple (1/1) D:4            Lair (0/6) D:9
    Orc: D:9-12

Altars:
Ashenzari
Dithmenos
Elyvilon
Fedhas
Gozag
Hepliaklqana
Kikubaaqudgha
Makhleb
Nemelex Xobeh
Okawaru
Ru
Sif Muna
Trog
Uskayaw
Vehumet
Wu Jian
Xom
Zin
The Shining One

Shops:
D:7 [

Annotations:
D:7 4 runed translucent doors, exclusion: oklob plant


Innate Abilities, Weirdness & Mutations

You cannot wear most types of armour.
You are very stealthy in the water. (Stealth+)
You are amphibious.
You can wear up to eight rings at the same time.
You can use your tentacles to constrict eight enemies at once.
Your skin changes colour to match your surroundings (Stealth+).
Your rubbery body absorbs attacks. (AC +1, EV +1)
Scrolls take you a little longer to read.
You possess an exceptional clarity of mind.


Message History

Aiming: Mephitic Cloud (safe; 1% risk of failure)
Press: ? - help, Shift-Dir - straight line, f - hornet
Aim: a hornet The ball explodes into a vile cloud!
The stinking cloud engulfs the hornet but does no damage.
* * * LOW HITPOINT WARNING * * *
You feel sick.
The hornet is engulfed in noxious fumes.
The hornet appears confused.
Okay, then.
Okay, then.
Unknown command.
Unknown command.
* * * LOW HITPOINT WARNING * * *
You feel very sick.
The hornet is engulfed in noxious fumes.
The hornet appears confused.
The hornet is engulfed in noxious fumes.
The hornet appears confused.
The hornet stings you.
You die...

##########.........#.#####.......
......# #.........#.# #.......
#####'## #.........#.# #.......
## #...# #.........#.# #....)..
.# #...# #...........# #.....).
.# #...# ####.#####..## #....)[.
.###...# ##......○§○.# #.....(.
.......####.......○○>.# #..((...
≈≈≈≈............@y○°☼.# #.....†.
...≈...........†#.##.## #.......
>∩.≈.......).........# ##.....[
...≈.................# #......
≈≈≈≈.................# #......
............)........# #......
#...#......).........# #......
#.....#####.(........# #......
#####........#######.######...)..


You could see a hornet (confused).

Vanquished Creatures
  A hydra (D:9)
  2 two-headed ogres (D:10)
  2 unseen horrors (D:10)
  Pikel (D:4)
  A centaur zombie (D:10)
  Maurice (D:8)
  4 komodo dragons (D:10)
  2 kobold demonologists (D:10)
  Grinder (D:4)
  3 trolls (D:10)
  A wyvern (D:10)
  13 yaks
  A human (D:7)
  Grum (D:8)
  A wraith (D:10)
  4 hogs (D:7)
  3 wargs (D:9)
  Menkaure (D:6)
  Duvessa (D:6)
  2 orc warriors
  A water moccasin (D:10)
  3 black bears
  2 hornet zombies
  4 ice beasts
  3 sky beasts
  2 necrophages
  2 ogres
  2 phantoms
  3 wolves (D:8)
  7 centaurs
  A lemure (D:4)
  9 big kobolds
  5 bullfrogs
  A wyvern zombie (D:10)
  A water moccasin zombie (D:4)
  2 scorpions
  Dowan (D:6)
  11 wights
  6 killer bees
  A howler monkey (D:6)
  2 bullfrog zombies
  A quasit (D:7)
  A centaur skeleton (D:6)
  7 orc priests
  Crazy Yiuf (D:6)
  A bullfrog skeleton (D:5)
  6 hounds
  15 iguanas
  8 orc wizards
  2 worker ants
  2 hound skeletons
  10 gnolls
  9 adders
  4 shadow imps
  5 white imps
  2 ufetubi
  An ooze (D:2)
  3 adder skeletons
  A worm (D:2)
  2 dart slugs
  10 leopard geckos
  31 orcs
  4 bats
  7 giant cockroaches
  9 hobgoblins
  3 jackals (D:8)
  2 quokkas
  A ball python (D:1)
  18 frilled lizards
  12 goblins
  54 kobolds
  A quokka zombie (D:6)
  6 rats
354 creatures vanquished.

Vanquished Creatures (collateral kills)
  Sigmund (D:5)
  A black bear (D:9)
  A bullfrog (D:10)
  An electric eel (D:10)
  A gnoll (D:3)
  A goblin (D:2)
6 creatures vanquished.

Vanquished Creatures (others)
  An electric eel (D:10)
  2 plants
3 creatures vanquished.

Grand Total: 363 creatures vanquished

Notes
Turn   | Place    | Note
-------+----------+-------------------------------------------
     0 | D:1      | Conn the Octopode Hedge Wizard began the quest for the Orb.
     0 | D:1      | Reached XP level 1. HP: 11/11 MP: 4/4
   180 | D:1      | Reached skill level 3 in Stealth
   262 | D:1      | Reached XP level 2. HP: 15/17 MP: 0/6
   322 | D:1      | Learned a level 2 spell: Blink
   325 | D:1      | Learned a level 2 spell: Call Imp
  1004 | D:2      | Reached XP level 3. HP: 14/21 MP: 0/7
  1166 | D:2      | Learned a level 3 spell: Conjure Flame
  1547 | D:2      | Reached skill level 1 in Short Blades
  1661 | D:2      | Noticed a centaur
  1669 | D:2      | Killed a centaur
  1670 | D:2      | Reached skill level 4 in Stealth
  1670 | D:2      | Reached XP level 4. HP: 16/27 MP: 2/9
  1670 | D:2      | Reached XP level 5. HP: 18/31 MP: 2/10
  2049 | D:2      | Found a white marble altar of Elyvilon.
  2350 | D:2      | Found a bloodstained altar of Trog.
  2577 | D:3      | Learned a level 3 spell: Mephitic Cloud
  2898 | D:3      | Found a sparkling altar of Nemelex Xobeh.
  3124 | D:3      | Noticed a big kobold
  3314 | D:3      | Killed a big kobold
  3315 | D:3      | Reached XP level 6. HP: 27/37 MP: 0/11
  3513 | D:3      | Reached skill level 1 in Poison Magic
  4218 | D:3      | Reached skill level 1 in Air Magic
  4218 | D:3      | Reached XP level 7. HP: 37/42 MP: 13/13
  4271 | D:3      | Reached skill level 1 in Fighting
  5024 | D:4      | Found a staircase to the Ecumenical Temple.
  5034 | Temple   | Entered the Ecumenical Temple
  5068 | Temple   | Became a worshipper of Sif Muna the Loreminder
  5223 | D:4      | Noticed Grinder
  5498 | D:4      | Killed Grinder
  5499 | D:4      | Reached skill level 1 in Fire Magic
  5499 | D:4      | Reached XP level 8. HP: 25/48 MP: 12/14
  5806 | D:4      | Noticed Pikel
  5819 | D:4      | Killed Pikel
  5820 | D:4      | Reached skill level 5 in Stealth
  6179 | D:4      | Reached skill level 5 in Spellcasting
  6289 | D:4      | Reached skill level 5 in Conjurations
  6508 | D:4      | Reached skill level 6 in Stealth
  6716 | D:5      | Entered Level 5 of the Dungeon
  6739 | D:5      | Found the +9 scales of the Dragon King {rPois rF+ rC+
                  | Will+}
  7292 | D:5      | Reached XP level 9. HP: 54/54 MP: 16/16
  7294 | D:5      | Found a shadowy altar of Dithmenos.
  7363 | D:5      | Found a hazy altar of Hepliaklqana.
  7406 | D:5      | Noticed Sigmund
  7409 | D:5      | Reached * piety under Sif Muna
  7526 | D:5      | Killed Sigmund
  8181 | D:6      | Found the +7 mace of Variability {chain chaos}
  8295 | D:6      | Found an iron altar of Okawaru.
  8364 | D:6      | Noticed Duvessa
  8372 | D:6      | Noticed Dowan
  8396 | D:6      | Noticed Menkaure
  8777 | D:6      | Found a runed translucent door.
  8778 | D:6      | Noticed Crazy Yiuf
  8785 | D:6      | Killed Crazy Yiuf
  8902 | D:6      | Killed Dowan
  8903 | D:6      | Reached skill level 1 in Maces & Flails
  8917 | D:7      | Found a glowing silver altar of Zin.
  8917 | D:7      | Noticed an oklob plant
  9381 | D:6      | Killed Menkaure
  9405 | D:6      | Killed Duvessa
  9529 | D:6      | Found a glowing golden altar of the Shining One.
  9606 | D:7      | Found a shimmering altar of Xom.
  9629 | D:7      | Reached ** piety under Sif Muna
  9937 | D:6      | Reached skill level 7 in Stealth
 10117 | D:7      | Found Fihergh's Armour Boutique.
 10149 | D:7      | Found a huge runed translucent gate.
 10149 | D:7      | Found a huge runed translucent gate.
 10149 | D:7      | Found a huge runed translucent gate.
 10150 | D:7      | Found a huge runed translucent gate.
 10150 | D:7      | Noticed a polar bear
 10150 | D:7      | Noticed a manticore
 10151 | D:7      | Noticed a polar bear
 10151 | D:7      | Noticed a manticore
 10151 | D:7      | Noticed a polar bear
 10232 | D:7      | Reached XP level 10. HP: 63/63 MP: 18/18
 11047 | D:7      | Reached skill level 8 in Stealth
 11801 | D:8      | Reached skill level 1 in Invocations
 11811 | D:8      | Reached *** piety under Sif Muna
 11938 | D:8      | Found an ancient bone altar of Kikubaaqudgha.
 12663 | D:8      | Found an opulent altar of Gozag.
 12725 | D:8      | Noticed Maurice
 12755 | D:8      | Killed Maurice
 12756 | D:8      | Reached skill level 5 in Short Blades
 12756 | D:8      | Reached skill level 5 in Air Magic
 12967 | D:8      | Noticed Grum
 12988 | D:8      | Killed Grum
 13488 | D:9      | Noticed a six-headed hydra
 13829 | D:9      | Reached XP level 11. HP: 49/67 MP: 20/20
 13910 | D:9      | Reached **** piety under Sif Muna
 14234 | D:9      | Found a burning altar of Makhleb.
 14234 | D:9      | Found a broken altar of Ashenzari.
 14245 | D:9      | Found a staircase to the Lair.
 14635 | D:9      | Killed a six-headed hydra
 14768 | D:9      | Identified the +1 falchion of Lyiptaff {venom, Str+3}
 15193 | D:9      | Found a sacrificial altar of Ru.
 15308 | D:10     | Entered Level 10 of the Dungeon
 15915 | D:10     | Noticed a two-headed ogre
 16206 | D:9      | Learned a level 3 spell: Ignite Poison
 16450 | D:10     | Reached ***** piety under Sif Muna
 16469 | D:10     | Identified Junuovip's Volume of Icy Stolen Souls (Sif Muna
                  | gifted it to you on level 10 of the Dungeon)
 16469 | D:10     | Received a gift from Sif Muna
 16983 | D:10     | Reached skill level 5 in Dodging
 17356 | D:10     | Learned a level 6 spell: Ozocubu's Refrigeration
 17382 | D:10     | Killed an unseen horror
 17385 | D:10     | Killed a two-headed ogre
 17558 | D:10     | Reached skill level 1 in Ice Magic
 17822 | D:10     | Noticed a two-headed ogre
 17859 | D:10     | Killed a two-headed ogre
 18025 | D:10     | Reached XP level 12. HP: 75/75 MP: 14/22
 18609 | D:10     | Reached skill level 1 in Evocations
 19116 | D:10     | Gained mutation: Scrolls take you a little longer to read.
                  | [potion of mutation]
 19116 | D:10     | Gained mutation: You possess an exceptional clarity of
                  | mind. [potion of mutation]
 19331 | D:10     | Reached skill level 9 in Stealth
 19689 | D:11     | Paralysed by a hornet for 1 turns
 20102 | D:10     | HP: 3/75 [poisoned by a killer bee]
 20102 | D:10     | Slain by a hornet

Illustrated notes

Levels and vault maps discovered:
D:1:      dpeg_arrival_court, layout_rooms
D:2:      layout_loops_ring, lightli_temple_of_fire, elyvilon_altar_3,
          minmay_tiny_reverse_x
D:3:      minmay_goblin_kobold_castle, layout_loops_cross,
          general_overflow_altar, lightli_corner_chamber
D:4:      layout_gridville, minmay_temple_entry_glass, uniq_grinder, uniq_pikel
D:5:      layout_loops_corners, marbit_many_paths, basic_altar, uniq_sigmund
D:6:      layout_cave_pools, lemuel_crystal_altar, tso_altar,
          uniq_crazy_yiuf_cottage, uniq_menkaure, uniq_duvessa
D:7:      lemuel_bear_cage, layout_basic, xom_teletrap_fun, serial_shops,
          nicolae_shop_stone, grunt_livestock, lemuel_oklob_altar
D:8:      layout_loops_ring, old_standard_altar, nicolae_overflow_hidden_temple,
          uniq_maurice, uniq_grum
D:9:      layout_loops_corners, nicolae_ru_the_path_less_chosen,
          gammafunk_temple_overflow_elements, erik_lair_orcish_takeover,
          zaba_antful_of_joy
D:10:     lemuel_reptile_caves, layout_basic, enter_bailey_5
D:11:     layout_layer_cave, portal_ice_cave_entry_animals_and_master
Temple:   cyrus_temple_forest

Skill      XL: |  1  2  3  4  5  6  7  8  9 10 11 12 |
---------------+-------------------------------------+-----
Stealth        | 3 4 6 7 8 9 |  9.0
Short Blades   | 1 2 3 4 5 6 |  6.4
Translocations | 2 3 |  3.8
Conjurations   | 2 3 4 5 6 7 8 |  8.8
Poison Magic   | 1 2 3 4 |  4.0
Spellcasting   | 4 5 6 7 |  7.1
Air Magic      | 1 2 3 5 6 |  6.3
Fighting       | 1 2 3 4 |  4.7
Fire Magic     | 1 2 3 |  3.2
Maces & Flails | 2 3 4 |  4.9
Dodging        | 3 4 5 |  5.0
Invocations    | 3 4 |  4.6
Summonings     | 2 |  2.6
Ice Magic      | 1 2 |  2.2
Evocations     | 1 |  1.0
Transmutations | |  0.7

Action                   |  1- 3 |  4- 6 |  7- 9 | 10-12 || total
-------------------------+-------+-------+-------+-------++-------
Melee: Dagger            |     5 |       |       |       ||     5
       Constrict         |    12 |     6 |    52 |    73 ||   143
       Short sword       |    50 |    34 |   264 |   517 ||   865
       Tentacles         |    10 |     2 |    53 |    92 ||   157
       Great mace        |       |       |     6 |       ||     6
 Cast: Magic Dart        |    35 |   124 |    98 |   354 ||   611
       Call Imp          |     1 |     4 |     4 |    30 ||    39
       Conjure Flame     |       |       |     6 |    37 ||    43
       Mephitic Cloud    |       |       |    11 |    73 ||    84
       Blink             |       |       |     2 |    14 ||    16
       Ignite Poison     |       |       |       |     5 ||     5
Evoke: Wand              |       |       |       |     2 ||     2
  Use: Scroll            |     2 |       |     6 |     9 ||    17
       Potion            |     2 |       |       |     7 ||     9
 Stab: Sleeping          |    11 |     1 |    12 |     5 ||    29
       Distracted        |     1 |       |     3 |     2 ||     6
       Confused          |       |       |     7 |    30 ||    37
Armor: Skin              |     2 |     4 |    11 |    31 ||    48
Dodge: Dodged            |    34 |    37 |   113 |   217 ||   401

Table legend: (Time is in decaauts)
 A = Elapsed time spent in this place.
 B = Non-inter-level travel time spent in this place.
 C = Inter-level travel time spent in this place.
 D = Time resting spent in this place.
 E = Time spent auto-exploring this place.
 F = Levels seen in this place.
 G = Mean time per level.
                   A        B        C        D        E       F      G
               +--------+--------+--------+--------+--------+-----+--------+
         Total |  19781 |  19441 |    340 |   6117 |   8144 |  12 | 1648.4 |
       Dungeon |  19720 |  19408 |    312 |   6117 |   8135 |  11 | 1792.7 |
        Temple |     61 |     33 |     28 |      0 |      9 |   1 |   61.0 |
               +--------+--------+--------+--------+--------+-----+--------+

Top non-repeatable levels by time:
    D:10: 4368 daAuts
     D:3: 2601 daAuts
     D:9: 2192 daAuts
     D:5: 1916 daAuts
     D:8: 1820 daAuts
     D:4: 1607 daAuts
     D:2: 1448 daAuts
     D:7: 1410 daAuts
     D:6: 1391 daAuts
     D:1: 945 daAuts
  Temple: 61 daAuts
    D:11: 19 daAuts
